 Dungeon Crawl Stone Soup version 0.28-a0-1624-g820543e53a (console) character file.

Game seed: 8093782946434117582

7208 Melian the Cleaver (level 10, -13/104 HPs)
             Began as a Minotaur Berserker on Jan 23, 2022.
             Was an Elder of Trog.
             Mangled by an orc warrior (16 damage)
             ... led by an orc knight
             ... on level 10 of the Dungeon.
             The game lasted 00:27:10 (7715 turns).

Melian the Cleaver (Minotaur Berserker)             Turns: 7715, Time: 00:27:12

Health: -13/104    AC: 14    Str: 30    XL:     10   Next: 87%
Magic:  9/9        EV:  8    Int:  4    God:    Trog [****..]
Gold:   229        SH:  0    Dex:  8    Spells: 9/9 levels left

rFire   . . .      SeeInvis +   w - +1 war axe (spect)
rCold   . . .      Faith    .   (no shield)
rNeg    . . .      Spirit   .   E - +0 plate armour
rPois   .          Reflect  .   (helmet restricted)
rElec   .          Harm     .   (no cloak)
rCorr   .          Rampage  .   y - +0 pair of gloves
Will    .....                   d - +1 pair of boots
Stlth   ..........              (no amulet)
HPRegen 0.27/turn               t - ring of see invisible
MPRegen 0.11/turn               q - +6 ring of strength

@: on berserk cooldown, slowed, unable to read, very slow
A: horns 2, retaliatory headbutt, clumsy 1, weak 1, wild magic 1, inability to
read while threatened
a: Renounce Religion, Berserk, Trog's Hand, Brothers in Arms


You were on level 10 of the Dungeon.
You worshipped Trog.
Trog was greatly pleased with you.
You visited 1 branch of the dungeon, and saw 10 of its levels.
You also visited: Sewer.

You collected 432 gold pieces.
You spent 203 gold pieces at shops.

Inventory:

Hand Weapons
 r - the +7 mace "Juidgh" {venom, Stlth+}
   (You found it on level 5 of the Dungeon)

   It poisons the flesh of those it strikes.
   Stlth:     It makes you more stealthy.
 w - a +1 spectral war axe (weapon)
Missiles
 H - 16 boomerangs of dispersal (quivered)
Armour
 d - a +1 pair of boots (worn)
 y - a +0 pair of gloves (worn)
 E - a +0 plate armour (worn)
Jewellery
 q - a +6 ring of strength (right hand)
 t - a ring of see invisible (left hand)
Wands
 i - a wand of iceblast (9)
 k - a wand of flame (30)
 C - a wand of digging (3)
 D - a wand of polymorph (11)
 F - a wand of acid (14)
Scrolls
 a - a scroll of enchant armour {unknown}
 b - 4 scrolls of identify
 f - 5 scrolls of teleportation
 j - a scroll of vulnerability {unknown}
 m - a scroll of blinking
 n - a scroll of summoning
 p - a scroll of noise
 A - a scroll of enchant weapon
 G - a scroll of silence {unknown}
Potions
 c - 2 potions of berserk rage {unknown}
 e - a potion of brilliance {unknown}
 h - a potion of degeneration {unknown}
 l - 2 potions of curing {unknown}
 o - 5 potions of flight
 s - a potion of haste {unknown}
 v - a potion of attraction {unknown}
 x - a potion of resistance {unknown}
 z - a potion of might
 B - a potion of ambrosia {unknown}


   Skills:
 + Level 14.3 Fighting
 + Level 14.3 Axes
 - Level 2.6 Armour
 - Level 2.4 Dodging


You had 9 spell levels left.
You didn't know any spells.
Your spell library was empty.

Dungeon Overview and Level Annotations

Branches:
Dungeon (11/15)            Temple (0/1) D:6            Lair (0/6) D:10
    Orc (0/2) D:11          Sewer (visited)

Altars:
Cheibriados
Gozag
Kikubaaqudgha
Nemelex Xobeh
Okawaru
Sif Muna
Trog
Vehumet
Wu Jian
Xom
Yredelemnul
The Shining One

Shops:
D:5 *


Innate Abilities, Weirdness & Mutations

You have a pair of horns on your head.
You reflexively headbutt those who attack you in melee.
You are clumsy. (Dex -2)
You are weak. (Str -2)
Your spells are a little harder to cast, but a little more powerful.
You sometimes lose the ability to read scrolls when taking damage.


Message History

Press: ? - help, Q - select action, (/) - cycle Shift-Dir - straight line, f - orc warrior
Aim: an orc warrior, wielding a +0 battleaxe and wearing a +0 plate armour (translocational energy, 63% to hit)
You throw a boomerang of dispersal.
The boomerang of dispersal closely misses the orc warrior.
The boomerang of dispersal hits the orc.
The orc blinks!
The orc warrior barely misses you. You furiously retaliate!
You headbutt the orc warrior!
The orc warrior hits you with a +0 battleaxe.
* * * LOW HITPOINT WARNING * * *
Throw: 18 boomerangs (disperse)
Press: ? - help, Q - select action, (/) - cycle Shift-Dir - straight line, f/p - orc warrior
Aim: an orc warrior, wielding a +0 battleaxe and wearing a +0 plate armour (heavily wounded, 63% to hit)
You throw a boomerang of dispersal.
The boomerang of dispersal hits the orc warrior!
The orc warrior blinks!
The orc warrior is severely wounded.
The orc hits you but does no damage.
Throw: 17 boomerangs (disperse)
Press: ? - help, Q - select action, (/) - cycle Shift-Dir - straight line, f/p - orc warrior
Aim: an orc warrior, wielding a +0 battleaxe and wearing a +0 plate armour (severely wounded, 63% to hit)
You throw a boomerang of dispersal.
The boomerang of dispersal hits the orc!
The orc blinks!
You kill the orc!
Trog accepts your kill. The orc warrior barely misses you.
The orc warrior hits you with a +0 battleaxe.
* * * LOW HITPOINT WARNING * * *
The orc warrior hits you with a +0 battleaxe.
* * * LOW HITPOINT WARNING * * *
The orc warrior hits you with a +0 battleaxe!
* * * LOW HITPOINT WARNING * * *
You fail to use your ability.
The orc warrior hits you with a +0 battleaxe.
* * * LOW HITPOINT WARNING * * *
Unknown command.
You fail to use your ability.
The orc warrior hits you but does no damage.
The orc warrior hits you with a +0 battleaxe!
You die...

#.#.### #........######...
#>....#########.#### #...
#.####...# #.# #... #....##..#
#)# #... #....##..# #.## ##(#
######....##..######..########...
#.........##.....................
#..............#####.############
#.......#####..#.........#
#.......#####..#.#######.#
#...........#..#@# ..(#.#
#........(..#..#o# ..##.#
#...........#..#T# ..)#.#
#...........#..#o# o.##.#
#...........#..#.# ..)#.#
########....#..#.###)###.#
.......'.......#...)....)#
########.......#####)#####
#####...# #.# #...##..o....#
#...#....###..#


You could see a troll, an orc warrior and an orc.

Vanquished Creatures
  A hydra (D:11)
  A two-headed ogre (D:10)
  An orc knight (D:10)
  Joseph (D:7)
  A troll (D:10)
  Grinder (D:4)
  Prince Ribbit (D:6)
  Sigmund (D:4)
  A vampire (D:11)
  Eustachio (D:4)
  A water moccasin (D:7)
  Duvessa (D:5)
  A sky beast (D:5)
  2 orc warriors
  2 necrophages
  3 ogres
  3 centaurs
  5 kobold brigands
  5 bullfrogs
  A gnoll sergeant (D:7)
  5 scorpions
  Dowan (D:5)
  3 centaur zombies (D:10)
  A jelly (D:6)
  3 hounds
  2 orc priests
  A bullfrog skeleton (D:7)
  2 centaur skeletons
  3 iguanas
  Ijyb (D:3)
  Terence (D:3)
  3 orc wizards
  A killer bee zombie (D:8)
  A hound zombie (D:4)
  A hound skeleton (D:5)
  Robin (D:2)
  5 gnolls
  10 adders
  A river rat (D:3)
  A white imp (D:5)
  A worm (D:3)
  2 dart slugs
  14 orcs
  6 bats
  8 endoplasms
  10 giant cockroaches
  18 goblins
  7 hobgoblins
  5 quokkas
  11 ball pythons
  10 frilled lizards
  16 kobolds
  7 rats
196 creatures vanquished.

Vanquished Creatures (collateral kills)
  An ogre mage (D:10)
  A troll (D:10)
2 creatures vanquished.

Vanquished Creatures (others)
  A human (D:5)
  A fungus (D:1)
  3 plants (D:1)
5 creatures vanquished.

Grand Total: 203 creatures vanquished

Notes
Turn   | Place    | Note
-------+----------+-------------------------------------------
     0 | D:1      | Melian the Minotaur Berserker began the quest for the Orb.
     0 | D:1      | Reached XP level 1. HP: 19/19 MP: 0/0
   103 | D:1      | Found a faded altar of an unknown god.
   174 | D:1      | Reached XP level 2. HP: 16/27 MP: 1/1
   615 | D:1      | Reached XP level 3. HP: 33/33 MP: 2/2
   985 | D:2      | Reached ** piety under Trog
  1112 | D:2      | Noticed Robin
  1139 | D:2      | Killed Robin
  1140 | D:2      | Reached XP level 4. HP: 31/41 MP: 3/3
  1398 | D:2      | Reached skill level 5 in Fighting
  1398 | D:2      | Reached skill level 5 in Axes
  1621 | D:3      | Noticed Terence
  1627 | D:3      | Killed Terence
  1685 | D:3      | Reached XP level 5. HP: 48/48 MP: 4/4
  1693 | D:3      | Noticed Ijyb
  1694 | D:3      | Paralysed by Ijyb for 5 turns
  1706 | D:3      | Killed Ijyb
  1824 | D:3      | Found a glowing drain.
  1834 | Sewer    | Entered a sewer
  1859 | Sewer    | Reached *** piety under Trog
  2075 | Sewer    | Reached XP level 6. HP: 17/58 MP: 5/5
  2930 | D:4      | Identified the +0 robe of the Harp {Regen+}
  2933 | D:4      | Noticed Grinder
  2938 | D:4      | Reached XP level 7. HP: 65/66 MP: 6/6
  2938 | D:4      | Paralysed by Grinder for 4 turns
  2947 | D:4      | Killed Grinder
  3300 | D:4      | Noticed Sigmund
  3313 | D:4      | Killed Sigmund
  3397 | D:4      | Noticed Eustachio
  3415 | D:4      | Killed Eustachio
  3416 | D:4      | Reached XP level 8. HP: 52/77 MP: 7/7
  3748 | D:5      | Entered Level 5 of the Dungeon
  4243 | D:5      | Identified the +7 mace "Juidgh" {venom, Stlth+}
  4255 | D:5      | Found a snail-covered altar of Cheibriados.
  4274 | D:5      | Noticed Duvessa
  4274 | D:5      | Noticed Dowan
  4281 | D:5      | Killed Duvessa
  4283 | D:5      | Killed Dowan
  4523 | D:5      | Found Sosa's General Store.
  4523 | D:5      | Found an ancient bone altar of Kikubaaqudgha.
  4544 | D:5      | Bought a +0 pair of gloves for 63 gold pieces
  4544 | D:5      | Bought 2 potions of heal wounds for 140 gold pieces
  4573 | D:5      | Found an opulent altar of Gozag.
  4578 | D:5      | Found an iron altar of Okawaru.
  4582 | D:5      | Found a basalt altar of Yredelemnul.
  4582 | D:5      | Found a shimmering altar of Xom.
  4588 | D:5      | Found a glowing golden altar of the Shining One.
  4625 | D:5      | Reached skill level 10 in Fighting
  4625 | D:5      | Reached skill level 10 in Axes
  4995 | D:6      | Found a staircase to the Ecumenical Temple.
  5042 | D:6      | Reached **** piety under Trog
  5195 | D:6      | Reached XP level 9. HP: 86/86 MP: 8/8
  5205 | D:6      | Found a shimmering blue altar of Sif Muna.
  5293 | D:6      | Found a radiant altar of Vehumet.
  5611 | D:6      | Noticed Prince Ribbit
  5624 | D:6      | Killed Prince Ribbit
  5863 | D:7      | Noticed Joseph
  5880 | D:7      | Killed Joseph
  6030 | D:7      | Found an ornate altar of the Wu Jian Council.
  6487 | D:8      | Found a sparkling altar of Nemelex Xobeh.
  6586 | D:8      | Found a bloodstained altar of Trog.
  6760 | D:8      | You fall into a shaft and drop 3 floors!
  6772 | D:11     | Noticed an eight-headed hydra
  6785 | D:11     | Killed a nine-headed hydra
  6786 | D:11     | Reached XP level 10. HP: 100/100 MP: 9/9
  6980 | D:11     | Found a staircase to the Orcish Mines.
  7004 | D:11     | Noticed a two-headed ogre
  7012 | D:10     | Entered Level 10 of the Dungeon
  7020 | D:10     | Found a staircase to the Lair.
  7460 | D:10     | Gained mutation: You are frail. (-10% HP) [potion of
                  | mutation]
  7460 | D:10     | Gained mutation: You expend magic power (3 MP) to
                  | strengthen your wands. [potion of mutation]
  7460 | D:10     | Gained mutation: You sometimes lose the ability to read
                  | scrolls when taking damage. [potion of mutation]
  7460 | D:10     | Gained mutation: You have a pair of large horns on your
                  | head. [potion of mutation]
  7549 | D:10     | Lost mutation: You expend magic power (3 MP) to strengthen
                  | your wands. [potion of mutation]
  7549 | D:10     | Lost mutation: You have a pair of large horns on your head.
                  | [potion of mutation]
  7549 | D:10     | Lost mutation: You are frail. (-10% HP) [potion of
                  | mutation]
  7549 | D:10     | Gained mutation: Your spells are a little harder to cast,
                  | but a little more powerful. [potion of mutation]
  7549 | D:10     | Gained mutation: You are weak. (Str -2) [potion of
                  | mutation]
  7549 | D:10     | Gained mutation: You are clumsy. (Dex -2) [potion of
                  | mutation]
  7656 | D:10     | Noticed an ogre mage
  7662 | D:10     | Noticed a two-headed ogre
  7667 | D:10     | Killed an ogre mage
  7676 | D:10     | Killed a two-headed ogre
  7684 | D:10     | Noticed an orc knight
  7688 | D:10     | HP: 3/154 [orc knight (21)]
  7690 | D:10     | HP: 1/154 [orc knight (3)]
  7691 | D:10     | Killed an orc knight
  7713 | D:10     | HP: 4/104 [orc warrior[an orc knight] (16)]
  7715 | D:10     | Mangled by an orc warrior

Illustrated notes

Levels and vault maps discovered:
D:1:      kennysheep_arrival_seaside, layout_rooms,
          shapermc_ecumenical_altar_mp_ritualfount
D:2:      layout_rooms, hangedman_abyss_or_decor_stabs,
          minmay_misc_feat_enclosed, uniq_robin
D:3:      layout_rooms, portal_sewer_entry_e, uniq_ijyb, uniq_terence
D:4:      layout_rooms, corexii_corridor_pit, uniq_eustachio, uniq_grinder,
          uniq_sigmund
D:5:      layout_basic, cheibriados_altar_1, tgw_kikubaaqudgha,
          nicolae_overflow_hallway_of_the_gods, serial_shops, shop,
          minmay_misc_feat_columns, uniq_duvessa
D:6:      layout_rooms, nicolae_vehumet_altar_sigil, lemuel_crystal_altar,
          minmay_temple_entry_stoned_glass, lemuel_old_faithful,
          uniq_prince_ribbit1
D:7:      layout_rooms, mainiacjoe_overflow_brackets, uniq_joseph
D:8:      layout_rooms, mainiacjoe_overflow_small_starburst,
          nemelex_diamond_rough_becter
D:10:     minmay_the_grid_3x2 [minmay_the_grid_plusring, minmay_the_grid_spikes,
          minmay_the_grid_tiny_cups, minmay_the_grid_holed_spiral,
          minmay_the_grid_armoury, minmay_the_grid_prize_four_corners],
          layout_basic, gammafunk_temple_overflow_pools,
          minmay_unpleasant_kobolds
D:11:     due_megacathedral, layout_rooms, orc_0_dummy, zin_treasury

Skill      XL: |  1  2  3  4  5  6  7  8  9 10 |
---------------+-------------------------------+-----
Fighting       | 4 5 6 7 8 10 12 14 | 14.3
Axes           | 4 5 6 7 8 10 12 14 | 14.3
Armour         | |  2.6
Dodging        | |  2.4

Action                   |  1- 3 |  4- 6 |  7- 9 | 10-12 || total
-------------------------+-------+-------+-------+-------++-------
Melee: Hand axe          |    69 |   133 |    65 |       ||   267
       Headbutt          |     4 |    14 |    35 |    13 ||    66
       Punch             |     1 |     2 |     2 |     2 ||     7
       Mace              |       |       |    68 |       ||    68
       War axe           |       |       |    30 |    46 ||    76
Throw: Boomerang         |       |       |       |     4 ||     4
Invok: Berserk           |     3 |     4 |     6 |     1 ||    14
       Brothers in Arms  |       |       |     1 |     1 ||     2
  Use: Scroll            |       |     1 |    11 |       ||    12
       Potion            |       |       |       |    10 ||    10
 Stab: Distracted        |       |       |     1 |       ||     1
Armor: Animal skin       |    16 |     3 |       |       ||    19
       Ring mail         |       |    51 |       |       ||    51
       Scale mail        |       |     2 |    35 |       ||    37
       Plate armour      |       |       |    34 |    38 ||    72
Dodge: Dodged            |    41 |    65 |    67 |    31 ||   204

Table legend: (Time is in decaauts)
 A = Elapsed time spent in this place.
 B = Non-inter-level travel time spent in this place.
 C = Inter-level travel time spent in this place.
 D = Time resting spent in this place.
 E = Time spent auto-exploring this place.
 F = Levels seen in this place.
 G = Mean time per level.
                   A        B        C        D        E       F      G
               +--------+--------+--------+--------+--------+-----+--------+
         Total |   7911 |   7770 |    141 |      0 |   5521 |  11 |  719.2 |
       Dungeon |   7235 |   7094 |    141 |      0 |   5131 |  10 |  723.5 |
         Sewer |    676 |    676 |      0 |      0 |    389 |   1 |  676.0 |
               +--------+--------+--------+--------+--------+-----+--------+

Top non-repeatable levels by time:
     D:5: 1261 daAuts
     D:1: 997 daAuts
     D:4: 935 daAuts
     D:6: 749 daAuts
     D:7: 749 daAuts
    D:10: 702 daAuts
   Sewer: 676 daAuts
     D:2: 665 daAuts
     D:3: 647 daAuts
     D:8: 277 daAuts
    D:11: 250 daAuts
